Map: King's Cove LE

Players

hinO - Winner!

  • Race: Zerg Zerg
  • Spawn Location: 5:00

Gerald

  • Race: Protoss Protoss
  • Spawn Location: 11:00

Event: 2019 WCS Summer

VOD

Have the link to the VOD?

Description

Time

  • Played on: July 12, 2019, 6:19 a.m.
  • Length: 17:41

All games in this series

Show
View Real Time Build Order
Export as new Build Order

hinO Zerg - Winner!

Build Orders: Hatch First 

Get SALT Encoding   

  12  0:01  Drone  
  13  0:14  Overlord  
  13  0:19  Drone  
  14  0:33  Drone x2  
  16  0:52  Hatchery  
  16  0:55  Drone  
  16  0:58  Drone  
  16  1:01  Drone  
  18  1:11  Extractor  
  18  1:18  Spawning Pool  
  16  1:20  Drone  
  16  1:23  Drone  
  18  1:30  Drone  
  19  1:50  Hatchery  
  19  1:53  Drone  
  19  1:58  Drone  
  20  2:03  Drone  
  21  2:12  Queen  
  23  2:18  Metabolic Boost  
  24  2:22  Zergling x2  
  24  2:24  Zergling x2  
  24  2:28  Drone  
  26  2:32  Overlord  
  26  2:35  Drone  
  27  2:38  Drone  
  28  2:50  Zergling x2, Queen  
  31  2:51  Zergling x2  
  31  2:55  Drone  
  33  2:58  Drone  
  33  2:59  Drone  
  33  3:02  Drone  
  36  3:09  Queen  
  38  3:13  Overlord  
  38  3:16  Drone  
  38  3:18  Drone  
  40  3:21  Drone x2  
  42  3:30  Spore Crawler  
  42  3:32  Drone x3  
  43  3:34  Drone  
  43  3:36  Drone  
  43  3:37  Drone  
  43  3:40  Drone  
  47  3:45  Overlord  
  47  3:48  Drone  
  48  3:51  Drone  
  49  3:57  Overlord, Roach Warren  
  49  4:01  Extractor  
  49  4:02  Drone x2  
  49  4:05  Extractor, Overlord  
  49  4:06  Drone x2  
  50  4:10  Drone x2  
  50  4:13  Drone  
  53  4:17  Overlord  
  53  4:18  Drone x2  
  53  4:19  Drone  
  56  4:25  Drone x2, Evolution Chamber  
  56  4:30  Overlord  
  57  4:31  Drone x2  
  57  4:37  Lair  
  59  4:40  Drone  
  59  4:41  Drone x4  
  59  4:45  Overlord  
  64  4:50  Roach x2  
  64  4:52  Roach  
  70  4:56  Overlord  
  70  4:57  Roach  
  72  5:00  Overlord  
  72  5:03  Zergling x2  
  72  5:05  Roach  
  72  5:06  Roach  
  77  5:10  Zergling x4  
  77  5:11  Zergling x4  
  81  5:14  Zergling x4  
  81  5:15  Zergling x4  
  81  5:19  Zergling x2  
  83  5:22  Queen  
  83  5:23  Zergling x6  
  85  5:29  Overlord  
  85  5:30  Zergling x2  
  85  5:40  Zergling x6  
  77  5:44  Drone x2, Spire  
  76  5:50  Drone  
  76  5:51  Drone  
  76  5:52  Spore Crawler  
  76  5:56  Spine Crawler  
  76  5:57  Roach x3  
  76  5:58  Roach x2  
  76  5:59  Overseer  
  76  6:02  Roach x2  
  88  6:05  Roach  
  88  6:10  Roach x2  
  94  6:14  Spore Crawler x2  
  90  6:18  Overseer  
  90  6:23  Drone x4  
  90  6:24  Drone x2  
  92  6:26  Drone x2  
  92  6:30  Drone x2  
  89  6:34  Drone x2  
  89  6:35  Drone  
  89  6:39  Drone  
  88  6:43  Drone x2  
  88  6:45  Drone  
  89  6:48  Extractor  
  89  6:53  Drone  
  89  6:54  Drone  
  89  6:59  Drone x3  
  91  7:02  Extractor  
  91  7:04  Extractor  
  91  7:07  Mutalisk x3  
  95  7:09  Drone  
  95  7:15  Overlord  
  96  7:19  Overlord  
  96  7:21  Drone, Zerg Missile Weapons Level 1  
  96  7:22  Glial Reconstitution  
  97  7:24  Drone  
  97  7:28  Overlord x2  
  97  7:29  Drone x2  
  100  7:35  Drone x2  
  98  7:39  Drone  
  98  7:41  Roach  
  101  7:46  Roach  
  101  7:48  Ravager x4  
  101  7:49  Overlord  
  101  7:51  Roach x2  
  111  7:54  Roach x2  
  111  7:55  Roach  
  117  7:58  Overlord  
  117  8:00  Roach  
  117  8:02  Ravager  
  117  8:04  Roach x2  
  124  8:06  Roach  
  124  8:12  Roach x3  
  132  8:18  Roach x3  
  138  8:20  Ravager  
  138  8:23  Roach x3  
  145  8:29  Overlord x2  
  145  8:31  Roach  
  145  8:33  Roach  
  147  8:38  Overlord  
  147  8:39  Overlord  
  147  8:41  Ravager  
  148  8:42  Roach x2  
  148  8:47  Roach x2  
  154  8:53  Roach x3  
  158  8:58  Roach x3  
  158  9:01  Ravager  
  165  9:03  Roach x2  
  165  9:07  Roach x2  
  173  9:11  Overlord  
  173  9:15  Roach x3  
  179  9:18  Ravager x3  
  179  9:22  Overlord  
  179  9:23  Roach  
  179  9:24  Roach  
  186  9:29  Overlord  
  186  9:30  Zerg Missile Weapons Level 2  
  186  9:33  Roach  
  186  9:47  Roach x4  
  186  9:49  Ravager  
  186  9:50  Ravager x2  
  197  9:55  Overlord x3  
  197  9:58  Overseer  
  197  9:59  Overseer  
  160  10:23  Roach  
  160  10:24  Roach x12  
  160  10:27  Ravager x2  
  182  10:30  Overseer x2  
  182  10:32  Overseer  
  182  10:34  Zergling x8  
  186  10:38  Ravager  
  186  10:40  Overseer  
  177  10:51  Zergling x2, Roach x3  
  177  10:52  Zergling x6, Roach x2  
  177  10:55  Roach  
  173  10:57  Ravager  
  173  11:00  Zergling x2, Roach x2  
  179  11:05  Roach x2  
  179  11:09  Ravager  
  156  11:29  Roach  
  156  11:30  Roach x8  
  147  11:35  Roach  
  147  11:38  Roach  
  135  11:45  Zergling x4, Roach x3  
  135  11:53  Roach x2  
  129  11:56  Ravager  
  129  11:57  Queen  
  129  11:59  Roach  
  129  12:01  Ravager x5  
  135  12:03  Roach x2  
  135  12:07  Ravager  
  140  12:09  Roach  
  142  12:17  Zergling x6  
  143  12:23  Hatchery  
  143  12:26  Zergling x2, Roach x3  
  136  12:35  Zergling x2  
  136  12:36  Zergling x4  
  137  12:42  Zergling x4  
  127  12:57  Mutalisk  
  127  12:58  Mutalisk x6  
  128  13:05  Mutalisk  
  129  13:18  Mutalisk  
  129  13:19  Mutalisk x2  
  131  13:29  Mutalisk  
  131  13:33  Mutalisk  
  135  13:39  Roach  
  135  13:40  Roach x4  
  143  13:45  Mutalisk  
  145  13:49  Zergling x4, Roach x2  
  145  13:54  Zergling x6, Roach x3  
  141  14:07  Roach x4  
  140  14:15  Roach x9  
  155  14:20  Roach x2  
  155  14:22  Ravager  
  158  14:26  Roach  
  160  14:34  Overlord x3  
  160  14:43  Roach  
  154  14:47  Roach x4  
  154  14:48  Roach  
  135  14:54  Roach  
  135  14:55  Zergling x2, Roach x3  
  135  14:58  Overseer  
  135  14:59  Overseer  
  132  15:03  Zergling x2  
  132  15:04  Zergling x4  
  119  15:10  Zergling x8  
  123  15:17  Zergling x6  
  123  15:20  Zergling x2  
  100  15:29  Roach x2  
  100  15:34  Zergling x2  
  97  15:41  Roach  
  93  15:44  Zergling x2  
  92  15:52  Roach  
  94  15:58  Roach  
  94  16:09  Roach  
  86  16:13  Overseer  
  86  16:17  Ravager  
  87  16:22  Roach  
  89  16:31  Zergling x2, Roach  
  92  16:38  Roach  
  94  16:40  Ravager x4  
  94  16:45  Roach  
  100  16:50  Roach x2  
  100  16:53  Roach  
  106  16:55  Ravager  
  106  17:00  Roach x2  
  108  17:04  Roach  
  110  17:10  Roach  
  110  17:11  Roach x2  
  111  17:20  Roach x3  
  111  17:21  Roach  
Show
View Real Time Build Order
Export as new Build Order

Gerald Protoss 

Build Orders: 1 Gate Expand, Archon Immortal 

Get SALT Encoding   

  12  0:00  Probe  
  13  0:12  Probe  
  14  0:18  Pylon  
  14  0:24  Probe  
  15  0:28  Assimilator  
  15  0:36  Probe  
  16  0:44  Probe, Gateway  
  17  0:52  Probe  
  18  1:03  Probe  
  19  1:15  Probe  
  20  1:26  Nexus  
  20  1:30  Probe  
  21  1:38  Cybernetics Core  
  21  1:46  Assimilator  
  21  1:48  Probe  
  22  1:55  Pylon  
  22  2:00  Probe  
  23  2:05  Adept  
  23  2:13  Probe  
  26  2:17  Robotics Facility  
  26  2:20  Warp Gate  
  26  2:25  Probe  
  26  2:27  Stalker  
  29  2:37  Probe  
  29  2:38  Probe  
  31  2:49  Probe  
  31  2:50  Probe  
  33  2:54  Warp Prism  
  33  3:01  Probe  
  33  3:02  Probe  
  37  3:13  Probe  
  37  3:14  Probe  
  37  3:16  Gateway  
  37  3:18  Pylon  
  39  3:23  Immortal  
  43  3:42  Probe x2  
  43  3:44  Adept  
  45  3:52  Pylon  
  45  3:54  Probe, Twilight Council  
  47  3:57  Immortal  
  47  4:00  Shield Battery  
  47  4:06  Probe  
  52  4:10  Probe  
  52  4:16  Assimilator  
  52  4:18  Probe  
  52  4:19  Assimilator  
  52  4:22  Probe  
  54  4:25  Pylon  
  54  4:30  Probe  
  55  4:33  Pylon  
  55  4:34  Probe  
  55  4:36  Observer  
  57  4:39  Dark Shrine  
  57  4:43  Probe  
  57  4:45  Adept  
  60  4:53  Probe  
  60  4:57  Forge, Gateway  
  61  5:00  Gateway, Pylon  
  61  5:06  Probe  
  62  5:25  Probe  
  62  5:28  Probe  
  64  5:30  Pylon  
  64  5:35  Protoss Ground Weapons Level 1  
  64  5:37  Probe  
  61  5:44  Probe  
  61  5:49  Probe, Immortal  
  67  5:53  Dark Templar x3  
  67  5:55  Dark Templar  
  67  5:56  Probe  
  76  6:07  Pylon  
  71  6:18  Immortal  
  75  6:35  Zealot  
  75  6:36  Zealot x3  
  75  6:37  Charge  
  81  6:40  Gateway  
  81  6:43  Gateway  
  81  6:45  Gateway  
  79  6:47  Gateway  
  79  6:54  Immortal  
  79  6:56  Stargate  
  83  7:07  Dark Templar x4  
  87  7:11  Archon  
  87  7:12  Archon  
  87  7:13  Nexus  
  87  7:21  Shield Battery  
  87  7:39  Dark Templar x2  
  87  7:40  Zealot x3  
  87  7:41  Zealot x2  
  101  7:47  Pylon  
  101  7:53  Photon Cannon  
  101  7:57  Phoenix  
  101  7:58  Archon  
  103  8:07  Stalker  
  103  8:08  Stalker  
  107  8:14  Probe  
  107  8:16  Dark Templar  
  109  8:21  Probe  
  109  8:27  Probe, Dark Templar x2  
  111  8:28  Zealot x3  
  121  8:41  Probe x2  
  123  8:42  Photon Cannon  
  123  8:46  Observer  
  124  8:48  Archon  
  124  8:52  Assimilator  
  124  8:53  Probe  
  124  8:54  Assimilator  
  125  8:55  Probe  
  125  8:57  Photon Cannon, Pylon  
  125  8:58  Shield Battery, Pylon  
  125  9:07  Pylon  
  125  9:15  Immortal  
  129  9:20  Templar Archives  
  129  9:28  Photon Cannon, Protoss Ground Weapons Level 2  
  129  9:29  Shield Battery  
  129  9:37  Sentry x2  
  133  9:55  Zealot x5, Immortal  
  147  10:03  Dark Templar  
  128  10:15  Zealot x3  
  128  10:16  Zealot x2  
  116  10:30  Dark Templar x2  
  116  10:31  Archon  
  116  10:34  Immortal  
  124  10:37  Sentry x2  
  124  10:38  Sentry  
  124  10:40  Zealot  
  124  10:41  Zealot  
  124  10:42  Archon  
  106  10:59  Dark Templar x4  
  106  11:03  Pylon  
  114  11:05  Archon x2  
  114  11:06  Zealot x3  
  114  11:07  Zealot  
  122  11:13  Immortal  
  118  11:27  Zealot  
  118  11:28  Zealot x2  
  102  11:39  Zealot x4  
  92  11:52  Immortal  
  92  11:53  Zealot x3  
  92  12:00  High Templar x4  
  100  12:04  Cybernetics Core  
  100  12:05  Gateway  
  100  12:06  Archon x2  
  100  12:13  Protoss Ground Weapons Level 3  
  100  12:22  Zealot x3, Psionic Storm  
  96  12:37  Zealot x4  
  98  12:47  High Templar x3  
  100  12:54  Immortal  
  100  13:01  Sentry  
  98  13:12  Zealot x4  
  104  13:23  High Templar x2  
  104  13:29  Archon  
  104  13:33  Immortal  
  108  13:35  Zealot x4  
  114  13:46  Cybernetics Core  
  114  13:48  Dark Templar x2  
  108  13:56  Archon  
  104  14:03  Archon  
  104  14:06  Zealot x6  
  110  14:23  Stalker x2  
  109  14:24  Stalker x3  
  109  14:28  High Templar  
  109  14:29  High Templar x2  
  118  14:39  Archon  
  61  15:07  High Templar x4  
  61  15:11  Archon  
  61  15:12  Zealot x4, Archon  
  35  15:52  Probe x3  
  32  16:04  Probe x3  
  32  16:08  Zealot  
  32  16:09  Zealot x3  
  41  16:16  Probe  
  42  16:25  High Templar  
  39  17:05  High Templar  
  39  17:18  Archon  
Tags
 
Add a new tag
Caveats
  • Supply blocks, unpowered buildings, or Contaminate may cause inaccurate times.
  • Supply counts are checked every 10 seconds.